 Dungeon Crawl Stone Soup version 0.27-a0-1301-g128193abf8 (webtiles) character file.

Game seed: 8517192324809360390

151 leviel the Chopper (level 5, 0/45 HPs)
             Began as a Draconian Fighter on June 18, 2021.
             Slain by a water moccasin (5 damage)
             ... on level 6 of the Dungeon.
             The game lasted 00:02:30 (2935 turns).

leviel the Chopper (Draconian Fighter)              Turns: 2935, Time: 00:02:30

Health: 0/45       AC:  5    Str: 19    XL:     5   Next: 11%
Magic:  0/5        EV: 12    Int:  9    God:
Gold:   82         SH:  0    Dex: 10    Spells: 4/4 levels left

rFire    . . .     SeeInvis .   a - +0 war axe
rCold    . . .     Faith    .   (no shield)
rNeg     . . .     Spirit   +   (armour unavailable)
rPois    .         Reflect  .   (helmet restricted)
rElec    .         Harm     .   (no cloak)
rCorr    .         Rampage  .   (no gloves)
Will     .....                  (no boots)
Stlth    +.........             d - amulet of guardian spirit
HPRegen  0.15/turn              (no ring)
MPRegen  0.09/turn              (no ring)

@: mighty, lethally poisoned (0 -> -14)
A: AC +5, unfitting armour, cold-blooded
a: no special abilities


You were on level 6 of the Dungeon.
You visited 1 branch of the dungeon, and saw 4 of its levels.

You collected 82 gold pieces.

Inventory:

Hand Weapons
 a - a +0 war axe (weapon)
Jewellery
 d - an amulet of guardian spirit (around neck)
Scrolls
 b - a scroll of vulnerability {unknown}
 e - a scroll of identify {unknown}
 f - a scroll of teleportation {unknown}
 h - a scroll of enchant weapon {unknown}
Potions
 c - a potion of might
 g - 2 potions of heal wounds {unknown}


   Skills:
 - Level 3.2 Fighting
 + Level 5.4 Axes
 - Level 2.6 Dodging
 - Level 3.0 Shields


You had 4 spell levels left.
You didn't know any spells.
Your spell library contained the following spells:

 Spells                   Type           Power      Damage    Failure   Level
 Animate Skeleton         Necr           0%         N/A       38%         1
 Pain                     Necr           0%         1d4       38%         1
 Vampiric Draining        Necr           0%         2d6       77%         3
 Animate Dead             Necr           0%         N/A       99%         4
 Agony                    Necr           0%         N/A       100%        5


Dungeon Overview and Level Annotations

Branches:
Dungeon (3/15)

Altars:

Annotations:
D:2 1 runed translucent door, Crazy Yiuf


Innate Abilities, Weirdness & Mutations

Your plain brown scales are hard. (AC +5)
You cannot fit into any form of body armour.
You are cold-blooded and may be slowed by cold attacks.


Message History

The howler monkey zombie hits you. The water moccasin closely misses you.
You slash the howler monkey zombie!
You destroy the howler monkey zombie!
You barely miss the water moccasin. The water moccasin bites you.
You are poisoned.
The water moccasin poisons you!
You miss the water moccasin.
You feel very sick.
The water moccasin bites you but does no damage.
The water moccasin closely misses you.
You are too injured to fight recklessly!
You are too injured to fight recklessly!
You are too injured to fight recklessly!
You are too injured to fight recklessly!
You are too injured to fight recklessly!
You are too injured to fight recklessly!
You are too injured to fight recklessly!
You are too injured to fight recklessly!
You are too injured to fight recklessly!
You are too injured to fight recklessly!
You are too injured to fight recklessly!
You are too injured to fight recklessly!
You feel very mighty all of a sudden.
You feel very sick. The water moccasin closely misses you.
You completely miss the water moccasin.
You feel very sick. The water moccasin bites you.
You are lethally poisoned!
The water moccasin poisons you! The water moccasin misses you.
You closely miss the water moccasin.
You feel extremely sick. The water moccasin closely misses you.
The water moccasin bites you.
* * * LOW HITPOINT WARNING * * *
You slash the water moccasin! You tail-slap the water moccasin!
The water moccasin is severely wounded.
* * * LOW HITPOINT WARNING * * *
You feel very sick. The water moccasin misses you.
The water moccasin bites you.
You die...

#.....# #.#
#. #.....#
#.# ######'
#.....# #^#
#......
#.....###
#.# #......
#####...#
#.# #......
#######...#
#.# #......
#.........#
#......
#.........#
#......
#......@..#
#......
#......#S.#
#......
#...... ..#
#######
####...
.... #...
.#... #..$
.#.....
#...
.##.##.
#... .# ..


You could see a water moccasin.

Vanquished Creatures
  A howler monkey zombie (D:6)
  3 gnolls (D:2)
  2 adders
  A shadow imp (D:3)
  An adder skeleton (D:2)
  2 worms (D:3)
  2 dart slugs (D:3)
  7 ball pythons
  6 endoplasms
  4 giant cockroaches
  4 goblins
  4 hobgoblins
  2 jackals (D:2)
  2 quokkas
  10 bats
  6 frilled lizards
  8 kobolds
  7 rats
  A bush (D:2)
73 creatures vanquished.

Notes
Turn   | Place    | Note
-------+----------+-------------------------------------------
     0 | D:1      | leviel the Draconian Fighter began the quest for the Orb.
     0 | D:1      | Reached XP level 1. HP: 19/19 MP: 1/1
   255 | D:1      | Reached XP level 2. HP: 26/26 MP: 2/2
   521 | D:1      | Reached skill level 3 in Axes
   855 | D:1      | Reached XP level 3. HP: 31/31 MP: 3/3
   918 | D:1      | Found a faded altar of an unknown god.
  1362 | D:2      | Reached skill level 4 in Axes
  1564 | D:2      | Found a runed translucent door.
  1565 | D:2      | Noticed Crazy Yiuf
  1631 | D:2      | Reached XP level 4. HP: 15/38 MP: 4/4
  2473 | D:3      | Reached skill level 5 in Axes
  2758 | D:3      | Reached XP level 5. HP: 45/45 MP: 5/5
  2882 | D:3      | You fall into a shaft and drop 3 floors!
  2925 | D:6      | Noticed a water moccasin
  2935 | D:6      | Slain by a water moccasin

Illustrated notes

Levels and vault maps discovered:
D:1:      dpeg_arrival_round_b, layout_basic, hellmonk_ecumenical_altar_blasted
D:2:      layout_basic, minmay_hedge_maze, uniq_crazy_yiuf_cottage
D:3:      layout_rooms, lemuel_coloured_pillars_altar
D:6:      layout_basic, minmay_misc_feat_room, amcnicky_mini_corridor_feature

Skill      XL: |  1  2  3  4 |
---------------+-------------+-----
Axes           | 3 4 5 |  5.4
Fighting       | |  3.2
Dodging        | |  2.6
Shields        | |  3.0

Action                   |  1- 3 |  4- 6 || total
-------------------------+-------+-------++-------
Melee: War axe           |   115 |   106 ||   221
       Tailslap          |     8 |    19 ||    27
  Use: Potion            |     1 |     1 ||     2
       Scroll            |     1 |       ||     1
 Stab: Sleeping          |     1 |     1 ||     2
Armor: Skin              |    56 |    24 ||    80
Dodge: Dodged            |    75 |    49 ||   124
Block: Kite shield       |     7 |       ||     7

Table legend: (Time is in decaauts)
 A = Elapsed time spent in this place.
 B = Non-inter-level travel time spent in this place.
 C = Inter-level travel time spent in this place.
 D = Time resting spent in this place.
 E = Time spent auto-exploring this place.
 F = Levels seen in this place.
 G = Mean time per level.
                   A        B        C        D        E       F      G
               +--------+--------+--------+--------+--------+-----+--------+
         Total |   2991 |   2926 |     65 |     19 |   2392 |   4 |  747.8 |
       Dungeon |   2991 |   2926 |     65 |     19 |   2392 |   4 |  747.8 |
               +--------+--------+--------+--------+--------+-----+--------+

Top non-repeatable levels by time:
     D:2: 1349 daAuts
     D:1: 1045 daAuts
     D:3: 542 daAuts
     D:6: 54 daAuts
